 Dungeon Crawl Stone Soup version 0.30.0-20-g3615ddf2f0 (webtiles) character file.

Game seed: 7149810915578510100

857 qw the Chopper (level 8, 0/49 HPs)
             Began as a Gargoyle Fighter on May 29, 2023.
             Killed by divine providence
             ... invoked by an orc priest
              (11 damage)
             ... on level 6 of the Dungeon.
             The game lasted 00:01:59 (4173 turns).

qw the Chopper (Gargoyle Fighter)                   Turns: 4173, Time: 00:02:00

Health: 0/49       AC: 23    Str: 23    XL:     8   Next: 2%
Magic:  8/8        EV:  6    Int:  8    God:
Gold:   294        SH:  4    Dex:  9    Spells: 7/7 levels left

rFire   . . .        Y - +0 broad axe (flame)
rCold   . . .        c - +0 buckler
rNeg    + . .        j - +0 plate armour
rPois   inf          h - +1 helmet
rElec   +            (no cloak)
rCorr   .            (no gloves)
SInv    .            (no boots)
Will    .....        (no amulet) Stlth
                     k - +4 ring of protection
HPRegen 0.28/turn    (no ring)
MPRegen 0.11/turn

%: no passive effects
@: no status effects
A: sickness immunity, AC +5, negative energy resistance 1, electricity
resistance, torment resistance 1, petrification resistance
a: no special abilities


You were on level 6 of the Dungeon.
You visited 1 branch of the dungeon, and saw 6 of its levels.

You collected 294 gold pieces.


Innate Abilities, Weirdness & Mutations

You are immune to sickness and miasma.
Your stone body is resilient. (AC +5)
You are immune to poison.
You resist negative energy. (rN+)
You are resistant to electric shocks. (rElec)
You are resistant to unholy torment.
You are immune to petrification.


   Skills:
 - Level 5.1 Fighting
 - Level 7.0 Axes
 + Level 0.0 Throwing
 - Level 4.3 Armour
 - Level 1.0 Dodging
 - Level 3.2 Shields


You had 7 spell levels left.
You didn't know any spells.
Your spell library was empty.

Inventory:

Hand Weapons
 Y - a +0 broad axe of flaming (weapon)
Missiles
 b - 2 boomerangs (quivered)
Armour
 c - a +0 buckler (worn)
 h - a +1 helmet (worn)
 j - a +0 plate armour (worn)
Jewellery
 k - a +4 ring of protection (left hand)
Scrolls
 f - 5 scrolls of identify
Potions
 a - a potion of lignification
 d - a potion of might
 e - 3 potions of curing

Dungeon Overview and Level Annotations

Branches:
Dungeon (6/15)
 Temple: D:4-7

Altars:
Ashenzari
Elyvilon
Trog
The Shining One

Shops:
D:1 !

Portals:
Abyss: D:3

Annotations:
D:3 2 transporters, qw's ghost, amateur GrFi
D:5 1 runed translucent door, qw's ghost, novice GrFi


Message History

The orc priest hits you but does no damage.
The wight hits you with a +3 great sword.
The bullfrog barely misses you. The water moccasin bites you.
The centaur unwields a +0 shortbow.
The centaur hits you but does no damage.
You block the centaur's attack.
Your Armour skill increases to level 4!
You have reached level 8!
You feel stronger.
You hit the orc wizard. You burn the orc wizard.
The orc wizard is almost dead.
You slash the bullfrog! You burn the bullfrog. You miss something.
You closely miss the water moccasin. You barely miss the centaur.
You miss something. You barely miss the wight.
The bullfrog hits you but does no damage.
The water moccasin closely misses you. The centaur barely misses you. x2
Something hits you but does no damage. x2; You block the orc wizard's attack.
You block the wight's attack.
The orc priest hits you but does no damage.
The bullfrog hits you but does no damage.
The water moccasin bites you. The centaur hits you.
The centaur kicks you but does no damage.
You block the orc wizard's attack.
Something hits you but does no damage. x2
The wight completely misses you.
The orc priest hits you from afar with a +0 trident.
You hit the orc wizard but do no damage.
The orc wizard is almost dead.
You completely miss the wight. You hit the bullfrog. You burn the bullfrog.
You closely miss something. You slash the water moccasin!
You burn the water moccasin. You hit the centaur but do no damage.
You miss something. You block the bullfrog's attack.
The centaur hits you but does no damage.
The centaur kicks you but does no damage.
The water moccasin bites you but does no damage.
The bullfrog hits you but does no damage.
You block something's attack. Something hits you but does no damage.
The orc wizard completely misses you.
The orc priest invokes the aid of Beogh against you.
Beogh smites you!
You die...

# #.......##.....
##. #..<.......
.... ###..####....
.....#...)# #..$.
..........# #....#
.$........##...###
###.###...........
.. ##..co)......
.. #..z{@{...!..
#....zFS......
.....>.z.o.....
................
................
...............
...............
...............


You could see a water moccasin, a bullfrog, a centaur, 3 wights, an orc priest
and an orc wizard.

Vanquished Creatures
  A water moccasin (D:5)
  An ice beast (D:5)
  A phantom (D:4)
  A scorpion (D:5)
  A wight (D:6)
  A sleepcap (D:3)
  2 hounds
  A jelly (D:5)
  An orc priest (D:5)
  2 orc wizards (D:5)
  3 iguanas
  4 gnolls
  7 adders
  A shadow imp (D:5)
  An ufetubus (D:5)
  2 dart slugs
  16 orcs
  3 endoplasms
  5 giant cockroaches
  6 goblins
  4 hobgoblins
  6 jackals
  6 kobolds
  2 quokkas
  9 ball pythons
  3 bats
  5 frilled lizards
  3 rats
98 creatures vanquished.

Vanquished Creatures (others)
  Sigmund (D:6)
1 creature vanquished.

Grand Total: 99 creatures vanquished

Notes
Turn   | Place    | Note
-------+----------+-------------------------------------------
     0 | D:1      | qw the Gargoyle Fighter began the quest for the Orb.
     0 | D:1      | Reached XP level 1. HP: 14/14 MP: 1/1
     0 | D:1      | 0 ||| qw: Version: 0.2-a-101-gf424e7f
     0 | D:1      | 0 ||| qw: Game counter: 341
     0 | D:1      | 0 ||| qw: Always use a shield: true
     0 | D:1      | 0 ||| qw: God list: Okawaru
     0 | D:1      | 0 ||| qw: Allow faded altars: false
     0 | D:1      | 0 ||| qw: Do Orc after D:15 true
     0 | D:1      | 0 ||| qw: Do second Lair branch before Depths: true
     0 | D:1      | 0 ||| qw: Lair rune preference: random
     0 | D:1      | 0 ||| qw: Plans: Normal, Zot:1-4, Slime:5, God:TSO, Crypt,
                  | Tomb, Pan, Hells, Abyss, Win
     0 | D:1      | 0 ||| PLANNING D:1-11
    34 | D:1      | Reached skill level 2 in Axes
    82 | D:1      | 82 ||| Stepping ~*~*~tactically~*~*~ (stealth).
    97 | D:1      | Reached XP level 2. HP: 18/19 MP: 2/2
   121 | D:1      | Reached skill level 3 in Axes
   140 | D:1      | 140 ||| Stepping ~*~*~tactically~*~*~ (stealth).
   183 | D:1      | Found Ruwytaf's Distillery.
   190 | D:1      | Reached XP level 3. HP: 23/23 MP: 3/3
   199 | D:1      | 199 ||| SHOPLISTING potion of attraction (30 gold, have
                  | 23).
   199 | D:1      | 199 ||| SHOPLISTING potion of cancellation (80 gold, have
                  | 23).
   199 | D:1      | 199 ||| SHOPLISTING potion of curing (30 gold, have 23).
   199 | D:1      | 199 ||| SHOPLISTING potion of heal wounds (50 gold, have
                  | 23).
   199 | D:1      | 199 ||| SHOPLISTING potion of might (40 gold, have 23).
   239 | D:1      | You fall into a shaft and drop 1 floor!
   240 | D:2      | 240 ||| READING scroll labelled XECHETENWY.
   241 | D:2      | 241 ||| DRINKING 2 coppery potions.
   242 | D:2      | 242 ||| DROPPING potion of invisibility.
   499 | D:1      | Found a faded altar of an unknown god.
   728 | D:2      | 728 ||| DROPPING +0 whip.
   795 | D:2      | 795 ||| Stepping ~*~*~tactically~*~*~ (stealth).
   816 | D:2      | 816 ||| Stepping ~*~*~tactically~*~*~ (stealth).
   917 | D:2      | Reached XP level 4. HP: 26/28 MP: 4/4
   964 | D:2      | Reached skill level 4 in Axes
   998 | D:2      | 998 ||| Stepping ~*~*~tactically~*~*~ (stealth).
  1206 | D:2      | 1206 ||| UPGRADING to +0 plate armour.
  1216 | D:2      | 1216 ||| DROPPING +0 scale mail.
  1217 | D:2      | 1217 ||| UPGRADING to +4 ring of protection.
  1218 | D:2      | 1218 ||| DROPPING +6 ring of intelligence.
  1219 | D:2      | 1219 ||| READING 2 scrolls labelled IFEUSS FUIVUCSI.
  1220 | D:2      | 1220 ||| READING scroll labelled WUVADATHRAI.
  1221 | D:2      | 1221 ||| READING scroll labelled DUGHAD ELISOU.
  1222 | D:2      | 1222 ||| READING scroll labelled DIYBUKK FARHA.
  1223 | D:2      | 1223 ||| READING scroll labelled VOIQUU XYUPT.
  1227 | D:2      | 1227 ||| DRINKING 2 emerald potions.
  1327 | D:3      | Found a transporter.
  1354 | D:3      | 1354 ||| Stepping ~*~*~tactically~*~*~ (stealth).
  1359 | D:3      | 1359 ||| Stepping ~*~*~tactically~*~*~ (stealth).
  1360 | D:3      | 1360 ||| Stepping ~*~*~tactically~*~*~ (stealth).
  1405 | D:3      | 1405 ||| FLEEEEING.
  1440 | D:3      | Reached XP level 5. HP: 24/32 MP: 5/5
  1584 | D:3      | 1584 ||| Stepping ~*~*~tactically~*~*~ (hiding).
  1745 | D:3      | Reached skill level 5 in Axes
  1829 | D:3      | Found a glowing golden altar of the Shining One.
  1838 | D:3      | Found a bloodstained altar of Trog.
  1842 | D:3      | Found a broken altar of Ashenzari.
  1865 | D:3      | 1865 ||| Stepping ~*~*~tactically~*~*~ (stealth).
  1874 | D:3      | 1874 ||| Stepping ~*~*~tactically~*~*~ (stealth).
  1963 | D:3      | Found a one-way gate to the infinite horrors of the Abyss.
  1976 | D:3      | Found a transporter.
  1976 | D:3      | Noticed qw's ghost (amateur GrFi)
  2042 | D:3      | 2042 ||| READING 4 scrolls of identify.
  2042 | D:3      | 2042 ||| IDENTIFYING lumpy silvery potion
  2043 | D:3      | 2043 ||| READING 3 scrolls of identify.
  2043 | D:3      | 2043 ||| IDENTIFYING pink potion
  2044 | D:3      | 2044 ||| DROPPING potion of degeneration.
  2099 | D:4      | 2099 ||| Stepping ~*~*~tactically~*~*~ (hiding).
  2281 | D:4      | Reached XP level 6. HP: 38/38 MP: 6/6
  2354 | D:4      | 2354 ||| Stepping ~*~*~tactically~*~*~ (stealth).
  2424 | D:4      | Found a white marble altar of Elyvilon.
  2623 | D:4      | 2623 ||| READING scroll of enchant weapon.
  2623 | D:4      | 2623 ||| ENCHANTING +1 war axe.
  2816 | D:4      | 2816 ||| READING scroll labelled QEAPTO RUCSETA.
  2816 | D:4      | Identified a scroll of acquirement
  2816 | D:4      | 2816 ||| ACQUIRING +0 broad axe of flaming
  2816 | D:4      | Acquired a +0 broad axe of flaming
  2818 | D:4      | 2818 ||| SWAPPING to +0 broad axe of flaming.
  2819 | D:4      | 2819 ||| DROPPING +0 flail.
  2820 | D:4      | 2820 ||| DROPPING +2 war axe.
  2821 | D:4      | 2821 ||| READING scroll labelled VUCODU HUDGHAF.
  2822 | D:4      | 2822 ||| READING scroll labelled WAPINKIMPU.
  2852 | D:4      | 2852 ||| READING 4 scrolls of identify.
  2852 | D:4      | 2852 ||| IDENTIFYING fizzy dark potion
  2853 | D:4      | 2853 ||| DROPPING potion of brilliance.
  2882 | D:5      | Entered Level 5 of the Dungeon
  2888 | D:5      | Noticed an ice beast
  2889 | D:5      | Noticed a water moccasin
  2896 | D:5      | Killed an ice beast
  2897 | D:5      | Reached skill level 6 in Axes
  2913 | D:5      | Killed a water moccasin
  2914 | D:5      | Reached XP level 7. HP: 24/43 MP: 7/7
  3216 | D:5      | 3216 ||| Stepping ~*~*~tactically~*~*~ (stealth).
  3218 | D:5      | 3218 ||| Stepping ~*~*~tactically~*~*~ (hiding).
  3226 | D:5      | 3226 ||| Stepping ~*~*~tactically~*~*~ (hiding).
  3234 | D:5      | HP: 8/43 [orc/+0 flail (3)]
  3236 | D:5      | HP: 3/43 [orc/+0 flail (6)]
  3416 | D:5      | Reached skill level 7 in Axes
  3572 | D:5      | Found a runed translucent door.
  3576 | D:5      | Noticed qw's ghost (novice GrFi)
  3615 | D:5      | 3615 ||| Stepping ~*~*~tactically~*~*~ (stealth).
  3785 | D:5      | Reached skill level 1 in Dodging
  4119 | D:5      | 4119 ||| UPGRADING to +0 helmet.
  4124 | D:5      | 4124 ||| READING 2 scrolls labelled HYZO GIUTEA.
  4125 | D:5      | 4125 ||| READING scroll of enchant armour.
  4125 | D:5      | 4125 ||| ENCHANTING +0 helmet.
  4126 | D:5      | 4126 ||| READING 3 scrolls labelled FODOTU WATYKAM.
  4127 | D:5      | 4127 ||| READING 6 scrolls of identify.
  4127 | D:5      | 4127 ||| IDENTIFYING blue potion
  4128 | D:5      | 4128 ||| DROPPING 2 scrolls of vulnerability.
  4129 | D:5      | 4129 ||| DROPPING potion of berserk rage.
  4152 | D:6      | Noticed Sigmund
  4159 | D:6      | 4159 ||| Stepping ~*~*~tactically~*~*~ (hiding).
  4161 | D:6      | 4161 ||| Stepping ~*~*~tactically~*~*~ (hiding).
  4162 | D:6      | 4162 ||| Stepping ~*~*~tactically~*~*~ (hiding).
  4162 | D:6      | Killed Sigmund
  4172 | D:6      | Reached XP level 8. HP: 22/49 MP: 8/8
  4172 | D:6      | HP: 11/49 [orc priest/+0 trident (3)]
  4173 | D:6      | Killed from afar by an orc priest

Levels and vault maps discovered:
D:1:      mainiacjoe_arrival_reflecting_pool, layout_rooms,
          shapermc_ecumenical_altar_rom_forum, serial_shops, shop,
          minmay_misc_feat_alley
D:2:      layout_rooms
D:3:      layout_loops_ring, minmay_overflow_temple_star_quad,
          gammafunk_ghost_abyssal_escape, item_on_display_a
D:4:      layout_basic, elyvilon_altar_3
D:5:      layout_basic, ebering_ghost_sewer_d
D:6:      layout_rooms, fedhas_altar_fruit_tree,
          nicolae_gozag_cash_rules_everything_around_me,
          mainiacjoe_overflow_paths, minmay_temple_entry_antechambers,
          uniq_maggie, uniq_sigmund, uniq_edmund, uniq_crazy_yiuf_cottage

Skill      XL: |  1  2  3  4  5  6  7 |
---------------+----------------------+-----
Axes           | 2 3 4 5 6 7 |  7.0
Fighting       | 4 5 |  5.1
Dodging        | 1 |  1.0
Armour         | 4 |  4.3
Shields        | |  3.2

Action                     |  1- 3 |  4- 6 |  7- 9 || total
---------------------------+-------+-------+-------++-------
  Melee: War axe           |   122 |    91 |       ||   213
         Broad axe         |       |    20 |    74 ||    94
  Throw: Boomerang         |       |    24 |    24 ||    48
    Use: Scroll            |     1 |    12 |     4 ||    17
         Potion            |     1 |     1 |       ||     2
 Armour: Scale mail        |    67 |     6 |       ||    73
         Plate armour      |       |    64 |    85 ||   149
  Dodge: Dodged            |    49 |    34 |    29 ||   112
  Block: Buckler           |    24 |    22 |    20 ||    66

Table legend:
 A = Non-vault XP
 B = Vault XP
 C = Vault XP percentage of total XP
 D = Non-vault monster count
 E = Vault monster count
 F = Vault count percentage of total count
                 A         B        C        D         E       F
            +---------+---------+-------+---------+---------+-------
      Total |    1225 |       0 |   0.0 |      98 |       0 |   0.0
            +---------+---------+-------+---------+---------+-------
        D:1 |      46 |       0 |   0.0 |      19 |       0 |   0.0
        D:2 |     102 |       0 |   0.0 |      24 |       0 |   0.0
        D:3 |      84 |       0 |   0.0 |      14 |       0 |   0.0
        D:4 |     212 |       0 |   0.0 |      14 |       0 |   0.0
        D:5 |     670 |       0 |   0.0 |      22 |       0 |   0.0
        D:6 |     111 |       0 |   0.0 |       5 |       0 |   0.0
            +---------+---------+-------+---------+---------+-------
